 Dungeon Sprint DCSS version 0.30-a0-311-gf115ab0292 (webtiles) character file.

Game seed: 1095743669336775676

25660 rocky1 the Brawler (level 12, 0/212 HPs)
             Began as a Grey Draconian Transmuter on Oct 26, 2022.
             Was an Initiate of Gozag.
             Slain by a vampire mage (1 damage)
             ... in the Dungeon (Sprint IX: "|||||||||||||||||||||||||||||").
             The game lasted 00:13:53 (3364 turns).

rocky1 the Brawler (Grey Draconian Transmuter)      Turns: 3364, Time: 00:13:54

Health: 0/212      AC:  9    Str: 16    XL:     12   Next: 91%
Magic:  23/29      EV: 15    Int: 19    God:    Gozag
Gold:   4949       SH:  0    Dex: 14    Spells: 17/38 levels left

rFire   x . .      SeeInvis .      - Unarmed
rCold   + + +      Faith    .    (shield currently unavailable)
rNeg    . . .      Spirit   .    (body armour unavailable)
rPois   +          Reflect  .    (helmet currently unavailable)
rElec   .          Harm     .    (cloak currently unavailable)
rCorr   .          Rampage  .    (gloves currently unavailable)
Will    .....      NoTele   +    (boots currently unavailable)
Stlth   ..........               (no amulet)
HPRegen 0.55/turn                l - +3 ring of dexterity
MPRegen 0.21/turn                m - +3 ring of strength

@: mighty, berserking, ice-form, wereblooded, gold aura, studying Polearms, very
quick
A: freezing attack, boosted hp, AC +13, amphibious, large, unfitting armour,
(cold-blooded)
a: End Transformation, Renounce Religion, Potion Petition, Call Merchant, Bribe
Branch


You were in the Dungeon.
You worshipped Gozag.
Gozag was most pleased with you.
You were a creature of crystalline ice.
You visited 1 branch You collected 9832 gold pieces.
You spent 3782 gold pieces at shops.
You paid 1101 gold pieces to Gozag.

Inventory:

Armour
 j - a +0 pair of boots (melded)
 k - a +0 pair of gloves (melded)
 u - a +0 cloak (melded)
Jewellery
 l - a +3 ring of dexterity (left front paw)
 m - a +3 ring of strength (right front paw)
 x - a ring of willpower
 y - a ring of see invisible
 z - a ring of willpower
 A - a ring of fire
Wands
 i - a wand of light (9)
Scrolls
 h - 2 scrolls of amnesia
 n - 5 scrolls of butterflies
 o - 2 scrolls of fear
 p - 4 scrolls of blinking
 v - 4 scrolls of enchant weapon
 w - a scroll of brand weapon
 B - 2 scrolls of enchant armour
Potions
 a - 2 potions of lignification
 b - 10 potions of curing
 d - 6 potions of haste
 e - 4 potions of magic
 f - 2 potions of cancellation
 g - 2 potions of brilliance
 q - a potion of mutation
 t - a potion of ambrosia


   Skills:
 - Level 14.4 Fighting
 - Level 12.5 Dodging
 - Level 18.7 Unarmed Combat
 + Level 13.5 Spellcasting
 * Level 15.4 Transmutations
 + Level 4.7 Air Magic
 - Level 6.4 Evocations


You had 17 spell levels left.
You knew the following spells:

 Your Spells              Type           Power      Damage    Failure   Level
a - Beastly Appendage     Tmut           100%       N/A       0%          1
b - Wereblood             Tmut           64%        N/A       0%          2
c - Spider Form           Tmut/Pois      42%        N/A       1%          3
d - Ice Form              Ice/Tmut       42%        N/A       2%          4
e - Storm Form            Tmut/Air       25%        N/A       56%         7
f - Manifold Assault      Tloc           12%        N/A       45%         4

Your spell library contained the following spells:

 Spells                   Type           Power      Damage    Failure   Level
 Summon Lightning Spire   Summ/Air       21%        N/A       21%         4
 Dispersal                Tloc           6%         N/A       100%        6
 Disjunction              Tloc           6%         N/A       100%        8
 Maxwell's Capacitive Co  Air            15%        ∞         100%        8


Dungeon Overview and Level Annotations

Branches:
Dungeon (1/1)

Altars:
Cheibriados
Dithmenos
Elyvilon
Fedhas
Gozag
Hepliaklqana
Kikubaaqudgha
Makhleb
Nemelex Xobeh
Okawaru
Qazlal
Ru
Sif Muna
Trog
Uskayaw
Vehumet
Wu Jian
Xom
Yredelemnul
Zin
The Shining One
Jiyva
Lugonu

Shops:
D :?[**!


Innate Abilities, Weirdness & Mutations

You are a creature of crystalline ice.
You have a powerful freezing melee attack.
Your maximum health is increased.
Your armour is entirely melded.
You are incapable of wielding weapons or throwing items.
((Your dull iron-grey scales are very hard. (AC +13)))
You are amphibious.
You cannot fit into any form of body armour.
((You are cold-blooded and may be slowed by cold attacks.))


Message History

The hobgoblin is no longer distracted by gold.
The glowing orange brain is no longer distracted by gold.
The stone giant hits you!!
* * * LOW HITPOINT WARNING * * *
The glowing orange brain is distracted by your dazzling golden aura.
The hobgoblin is distracted by your dazzling golden aura.
The hobgoblin shouts!
The glowing orange brain turns its attention towards you.
You pummel the stone giant!! You freeze the stone giant.
You feel a bit better.
You kill the stone giant!
The glowing orange brain is no longer distracted by gold.
The frilled lizard is distracted by your dazzling golden aura.
The shadow is distracted by your dazzling golden aura.
Things that are here:
612 gold pieces; 6 large rocks; a +0 battleaxe of freezing You punch the shadow!
The shadow is no longer distracted by gold.
The shadow is severely damaged.
You pound the shadow into fine dust!!!
You destroy the shadow!
The shadow disappears in a puff of smoke!
The spark wasp is no longer distracted by gold.
You barely miss something.
Unknown command.
You barely miss something.
The glowing orange brain blinks!
Something hits you.
* * * LOW HITPOINT WARNING * * *
Something bites you.
* * * LOW HITPOINT WARNING * * *
Something draws strength from your injuries!
You completely miss something.
The hobgoblin is no longer distracted by gold.
The hobgoblin is distracted by your dazzling golden aura.
The hobgoblin shouts!
You punch something! You freeze something.
The spark wasp is distracted by your dazzling golden aura.
Something hits you!
* * * LOW HITPOINT WARNING * * *
Something bites you.
You die...
Your body crumbles into a pile of gold.

[[...'.([.........'...∩.....'....
▓▓▓▓▓▓▓▓▓▓▓▓▓▓▓▓▓▓▓▓▓▓▓▓▓▓▓▓▓▓▓▓▓
...................).............
▓▓▓▓▓▓▓▓▓▓▓▓▓▓▓▓▓▓▓▓▓▓▓▓▓▓▓▓▓▓▓▓▓
.'.....∩)∩.∩.∩..).)').))).))))))'
▓▓▓▓▓▓▓▓▓▓▓▓▓▓▓▓▓▓▓▓▓▓▓▓▓▓▓▓▓▓▓▓▓
........).......)................
▓▓▓▓▓▓▓▓▓▓▓▓▓▓▓▓▓▓▓▓▓▓▓▓▓▓▓▓▓▓▓▓▓
G.gl.Gy{Y'..........[[[[[
▓▓▓▓▓▓▓▓▓▓▓▓▓▓▓▓▓▓▓▓▓▓▓▓▓


You could see a spark wasp (unaware), a glowing orange brain, a hobgoblin
(summoned) and a frilled lizard (summoned).

Vanquished Creatures
  A frost giant (D)
  2 stone giants (D)
  An ettin (D)
  A fire dragon (D)
  Harold (D)
  Erolcha (D)
  3 catoblepae (D)
  4 ogre magi (D)
  Erica (D)
  3 hydras (D)
  A centaur warrior (D)
  5 death yaks (D)
  Urug (D)
  4 deep trolls (D)
  3 ugly things (D)
  3 orc knights (D)
  A cyclops (D)
  A black mamba (D)
  A cane toad (D)
  2 rime drakes (D)
  An efreet (D)
  A komodo dragon (D)
  3 trolls (D)
  2 blink frogs (D)
  A wyvern (D)
  A wraith (D)
  4 yaks (D)
  A basilisk (D)
  6 water moccasins (D)
  A floating eye (shapeshifter) (D)
  6 orc warriors (D)
  2 centaurs (D)
  A phantom (D)
  A kobold brigand (D)
  A bullfrog (D)
  A scorpion (D)
  A gnoll sergeant (D)
  5 orc priests (D)
  4 orc wizards (D)
  An adder (D)
  9 orcs (D)
  An endoplasm (D)
  2 giant cockroaches (D)
  A quokka (D)
  A ball python (D)
  A giant cockroach simulacrum (D)
  A rat (D)
100 creatures vanquished.

Vanquished Creatures (others)
  A basilisk (D)
1 creature vanquished.

Grand Total: 101 creatures vanquished

Notes
Turn   | Place    | Note
-------+----------+-------------------------------------------
     0 | D        | rocky1 the Draconian Transmuter began the quest for the
                  | Orb.
     0 | D        | Reached XP level 1. HP: 16/16 MP: 3/3
    26 | D        | Noticed an orc wizard
    26 | D        | Noticed a phantom
    26 | D        | Noticed a scorpion
    36 | D        | Killed a scorpion
    37 | D        | Reached skill level 5 in Unarmed Combat
    37 | D        | Reached XP level 2. HP: 21/26 MP: 3/6
    37 | D        | Reached XP level 3. HP: 25/31 MP: 3/7
    40 | D        | Reached XP level 4. HP: 24/38 MP: 3/9
    44 | D        | Killed a phantom
    45 | D        | Reached skill level 6 in Unarmed Combat
    45 | D        | Reached XP level 5. HP: 16/47 MP: 4/11
    49 | D        | Reached skill level 7 in Unarmed Combat
   196 | D        | Found a snail-covered altar of Cheibriados.
   196 | D        | Found a shadowy altar of Dithmenos.
   196 | D        | Found a white marble altar of Elyvilon.
   196 | D        | Found a blossoming altar of Fedhas.
   196 | D        | Found an opulent altar of Gozag.
   197 | D        | Found a hazy altar of Hepliaklqana.
   198 | D        | Found a viscous altar of Jiyva.
   199 | D        | Found an ancient bone altar of Kikubaaqudgha.
   200 | D        | Found a corrupted altar of Lugonu.
   201 | D        | Found a burning altar of Makhleb.
   202 | D        | Found a sparkling altar of Nemelex Xobeh.
   203 | D        | Found an iron altar of Okawaru.
   204 | D        | Became a worshipper of Gozag Ym Sagoz the Greedy
   205 | D        | Found a stormy altar of Qazlal.
   206 | D        | Found a sacrificial altar of Ru.
   207 | D        | Found a shimmering blue altar of Sif Muna.
   208 | D        | Found a bloodstained altar of Trog.
   209 | D        | Found a hide-covered altar of Uskayaw.
   210 | D        | Found a radiant altar of Vehumet.
   211 | D        | Found an ornate altar of the Wu Jian Council.
   212 | D        | Found a shimmering altar of Xom.
   213 | D        | Found a basalt altar of Yredelemnul.
   214 | D        | Found a glowing silver altar of Zin.
   215 | D        | Found a glowing golden altar of the Shining One.
   259 | D        | Learned a level 2 spell: Wereblood
   263 | D        | Learned a level 3 spell: Spider Form
   268 | D        | Learned a level 4 spell: Ice Form
   387 | D        | Noticed a centaur
   387 | D        | Noticed a centaur
   387 | D        | Noticed a yak
   387 | D        | Noticed a wraith
   391 | D        | Killed a wraith
   392 | D        | Reached skill level 5 in Fighting
   392 | D        | Reached skill level 5 in Dodging
   392 | D        | Reached skill level 8 in Unarmed Combat
   392 | D        | Reached skill level 5 in Spellcasting
   392 | D        | Reached skill level 5 in Transmutations
   392 | D        | Reached XP level 6. HP: 57/57 MP: 5/13
   393 | D        | Killed a yak
   394 | D        | Reached skill level 9 in Unarmed Combat
   397 | D        | Your scales start taking on a dull iron-grey colour.
   397 | D        | Reached XP level 7. HP: 64/64 MP: 6/15
   407 | D        | Reached skill level 10 in Unarmed Combat
   456 | D        | Noticed a cyclops
   456 | D        | Noticed a basilisk
   456 | D        | Noticed an efreet
   456 | D        | Noticed a brown ugly thing
   456 | D        | Noticed a six-headed hydra
   456 | D        | Noticed a five-headed hydra
   459 | D        | Killed a five-headed hydra
   460 | D        | Reached skill level 11 in Unarmed Combat
   460 | D        | Reached XP level 8. HP: 74/74 MP: 11/19
   463 | D        | Killed a six-headed hydra
   464 | D        | Reached skill level 12 in Unarmed Combat
   537 | D        | Killed a brown ugly thing
   538 | D        | Reached XP level 9. HP: 41/83 MP: 18/21
   549 | D        | Killed an efreet
   559 | D        | Killed a cyclops
   560 | D        | Reached skill level 13 in Unarmed Combat
  1131 | D        | Noticed a komodo dragon
  1137 | D        | Reached skill level 10 in Fighting
  1145 | D        | Killed a komodo dragon
  1145 | D        | Noticed a cane toad
  1153 | D        | Reached XP level 10. HP: 93/94 MP: 18/23
  1154 | D        | Reached skill level 14 in Unarmed Combat
  1160 | D        | Killed a cane toad
  1161 | D        | Reached skill level 10 in Transmutations
  1216 | D        | Noticed a black mamba
  1232 | D        | Killed a black mamba
  1239 | D        | Reached skill level 10 in Dodging
  1242 | D        | Reached skill level 15 in Unarmed Combat
  1242 | D        | Reached skill level 10 in Spellcasting
  1289 | D        | Bought a potion of heal wounds for 75 gold pieces
  1289 | D        | Bought a potion of lignification for 45 gold pieces
  1289 | D        | Bought a potion of mutation for 120 gold pieces
  1289 | D        | Bought a potion of berserk rage for 75 gold pieces
  1289 | D        | Bought 2 potions of haste for 300 gold pieces
  1289 | D        | Bought a potion of might for 60 gold pieces
  1289 | D        | Bought a potion of ambrosia for 120 gold pieces
  1294 | D        | Noticed a death yak
  1294 | D        | Noticed a death yak
  1294 | D        | Noticed a catoblepas
  1294 | D        | Noticed a death yak
  1294 | D        | Noticed a death yak
  1296 | D        | Noticed a catoblepas
  1300 | D        | Killed a death yak
  1308 | D        | Noticed a death yak
  1313 | D        | Killed a death yak
  1324 | D        | Killed a catoblepas
  1336 | D        | Reached XP level 11. HP: 54/104 MP: 25/25
  1341 | D        | Killed a death yak
  1342 | D        | Reached skill level 16 in Unarmed Combat
  1580 | D        | Killed a death yak
  1585 | D        | Killed a catoblepas
  1597 | D        | Killed a death yak
  1844 | D        | Noticed Erica
  1856 | D        | Killed Erica
  1857 | D        | Reached skill level 1 in Evocations
  2199 | D        | Noticed an orc knight
  2208 | D        | Killed an orc knight
  2213 | D        | Reached skill level 17 in Unarmed Combat
  2216 | D        | Noticed an orc knight
  2231 | D        | Killed an orc knight
  2438 | D        | Found Lys Ciaf's Assorted Antiques.
  2438 | D        | Noticed an ettin
  2438 | D        | Noticed a stone giant
  2438 | D        | Noticed an ogre mage
  2438 | D        | Noticed a deep troll
  2455 | D        | Killed a stone giant
  2459 | D        | Killed an ogre mage
  2466 | D        | Killed an ettin
  2471 | D        | Noticed an ogre mage
  2474 | D        | Killed a deep troll
  2475 | D        | Reached XP level 12. HP: 56/116 MP: 27/27
  2476 | D        | Found Befi's General Store.
  2482 | D        | Killed an ogre mage
  2685 | D        | Found Orphueral's Antique Armour Boutique.
  2689 | D        | Noticed an ogre mage
  2690 | D        | Found Parut's Magic Scroll Shop.
  2694 | D        | Killed an ogre mage
  2695 | D        | Reached skill level 18 in Unarmed Combat
  2695 | D        | Reached skill level 5 in Evocations
  2697 | D        | Noticed an ogre mage
  2714 | D        | Killed an ogre mage
  2930 | D        | Bought a potion of curing for 84 gold pieces
  2930 | D        | Bought a scroll of butterflies for 112 gold pieces
  2930 | D        | Bought a fuming coppery potion for 25 gold pieces
  2930 | D        | Bought a scroll labelled JAUHIKHIPAR for 28 gold pieces
  2930 | D        | Bought 2 potions of curing for 168 gold pieces
  2930 | D        | Bought a scroll of identify for 56 gold pieces
  2935 | D        | Bought a potion of brilliance for 48 gold pieces
  2935 | D        | Bought a scroll of blinking for 90 gold pieces
  2937 | D        | Bought a cloak for 90 gold pieces
  2944 | D        | Bought a scroll of brand weapon for 133 gold pieces
  2944 | D        | Bought a scroll of butterflies for 56 gold pieces
  2944 | D        | Bought a scroll of enchant weapon for 105 gold pieces
  2962 | D        | Noticed Harold
  2970 | D        | Killed Harold
  3015 | D        | Bought a book of the Sky for 528 gold pieces
  3015 | D        | Bought a book of the Warp for 504 gold pieces
  3015 | D        | Bought a manual of Polearms for 960 gold pieces
  3024 | D        | Learned a level 7 spell: Storm Form
  3031 | D        | Learned a level 4 spell: Manifold Assault
  3036 | D        | Noticed Urug
  3044 | D        | Killed Urug
  3053 | D        | Noticed Erolcha
  3062 | D        | Killed Erolcha
  3063 | D        | Reached skill level 1 in Air Magic
  3177 | D        | Noticed an eight-headed hydra
  3177 | D        | Noticed a catoblepas
  3305 | D        | Killed a catoblepas
  3306 | D        | Noticed a centaur warrior
  3308 | D        | Paralysed by a floating eye for 4 turns
  3311 | D        | Noticed a fire dragon
  3318 | D        | Killed an eight-headed hydra
  3321 | D        | Noticed a frost giant
  3327 | D        | Noticed a stone giant
  3331 | D        | Killed a centaur warrior
  3331 | D        | Noticed a vampire mage
  3333 | D        | Noticed a spark wasp
  3339 | D        | Killed a fire dragon
  3352 | D        | Killed a frost giant
  3353 | D        | Reached skill level 15 in Transmutations
  3356 | D        | HP: 7/212 [stone giant (34)]
  3357 | D        | Killed a stone giant
  3362 | D        | HP: 9/212 [something (2)]
  3364 | D        | HP: 1/212 [something (8)]
  3364 | D        | Slain by a vampire mage

Illustrated notes

Levels and vault maps discovered:
D:        linesprint [early_d, line_temple, items_1, d_10, items_2, lair_1,
          lair_end, items_3, orc_1, orc_end, items_4, d_15, swamp_1, shoals_1,
          snake_1, spider_1, d_20, vaults_1, items_5, swamp_end, shoals_end,
          snake_end, spider_end, vaults_end, d_27, items_6, zot_1, zot_end,
          crypt_end, forest_end, elf_end, slime_end, tomb_end, abyss_end,
          pan_hell_end]

Skill      XL: |  1  2  3  4  5  6  7  8  9 10 11 12 |
---------------+-------------------------------------+-----
Dodging        | 3 4 5 7 8 9 10 11 12 | 12.5
Fighting       | 3 4 5 6 8 9 10 12 13 14 | 14.4
Unarmed Combat | 5 6 8 9 11 12 13 15 17 18 | 18.7
Spellcasting   | 3 4 5 7 8 9 10 11 13 | 13.5
Transmutations | 3 4 5 6 7 8 9 11 12 15 | 15.4
Evocations     | 4 6 |  6.4
Air Magic      | 4 |  4.7

Action                   |  1- 3 |  4- 6 |  7- 9 | 10-12 || total
-------------------------+-------+-------+-------+-------++-------
Melee: Unarmed           |    24 |    16 |    56 |   204 ||   300
       Kick              |     3 |     2 |       |       ||     5
       Headbutt          |     3 |     1 |       |       ||     4
       Tailslap          |     2 |     1 |       |       ||     3
       Punch             |     1 |       |       |       ||     1
 Cast: Beastly Appendage |     2 |       |       |       ||     2
       Wereblood         |       |     2 |     2 |     8 ||    12
       Ice Form          |       |     1 |     2 |     9 ||    12
       Spider Form       |       |       |     2 |     5 ||     7
Invok: Call Merchant     |       |       |       |     2 ||     2
Evoke: Wand              |       |       |       |     1 ||     1
  Use: Potion            |     1 |       |     4 |    10 ||    15
       Scroll            |       |       |     2 |     2 ||     4
 Stab: Invisible         |       |       |     5 |     1 ||     6
       Distracted        |       |       |     1 |     1 ||     2
       Petrified         |       |       |       |     2 ||     2
Armor: Skin              |     6 |     2 |     6 |    19 ||    33
Dodge: Dodged            |     7 |     5 |    29 |    84 ||   125

Table legend: (Time is in decaauts)
 A = Elapsed time spent in this place.
 B = Non-inter-level travel time spent in this place.
 C = Inter-level travel time spent in this place.
 D = Time resting spent in this place.
 E = Time spent auto-exploring this place.
 F = Levels seen in this place.
 G = Mean time per level.
                   A        B        C        D        E       F      G
               +--------+--------+--------+--------+--------+-----+--------+
         Total |   3286 |   3286 |      0 |   2041 |      0 |   1 | 3286.0 |
       Dungeon |   3286 |   3286 |      0 |   2041 |      0 |   1 | 3286.0 |
               +--------+--------+--------+--------+--------+-----+--------+

Top non-repeatable levels by time:
       D: 3286 daAuts
